 Dungeon Crawl Stone Soup version 0.18.1-50-g88ac8fd (webtiles) character file.

329 Gargoyl the Skirmisher (level 6, -5/70 HPs)
             Began as a Demonspawn Abyssal Knight on Sept 19, 2016.
             Was a Priest of Lugonu.
             Slain by a worm (7 damage)
             ... on level 4 of the Dungeon.
             The game lasted 00:04:24 (2087 turns).

Gargoyl the Skirmisher (Demonspawn Abyssal Knight)  Turns: 2087, Time: 00:04:24

Health: -5/70      AC: 23    Str: 20 (23) XL:     6   Next: 25%
Magic:  8/8        EV:  2    Int: 15 (18) God:    Lugonu [***...]
Gold:   218        SH: 13    Dex: 15 (18) Spells: 0 memorised, 5 levels left

rFire  + . .     SeeInvis .     a - +1 hand axe
rCold  + . .     Gourm    .     (armour currently unavailable)
rNeg   + + +     Faith    .     d - +0 large shield
rPois  +         Spirit   .     (helmet currently unavailable)
rElec  +         Dismiss  .     (cloak currently unavailable)
rCorr  +         Reflect  .     (gloves currently unavailable)
SustAt .         Harm     .     (boots currently unavailable)
MR     .....     NoTele   +     (no amulet)
Stlth  +++.......               z - ring of positive energy
                                h - +4 ring of strength

@: mighty, brilliant, agile, tree-form (expiring), resistant, not resistant to
hostile enchantments, fairly stealthy
A: (slimy green scales 0), (deformed body), (spiny 0), evolution 1, (sturdy
frame 0)
a: Depart the Abyss, Bend Space, Banish, Renounce Religion


You were on level 4 of the Dungeon.
You worshipped Lugonu.
Lugonu was most pleased with you.
You were not hungry.
You were a tree.
You visited 1 branch of the dungeon, and saw 4 of its levels.
You visited the Abyss 1 time.

You collected 218 gold pieces.

Inventory:

Hand Weapons
 a - a +1 hand axe (weapon)
Missiles
 r - 10 tomahawks (quivered)
Armour
 d - a +0 large shield (worn)
 g - a +1 pair of gloves (melded)
 p - a +2 cloak of magic resistance (melded)
 t - a +0 plate armour (melded)
Jewellery
 h - a +4 ring of strength (left branch)
 z - a ring of positive energy (right branch)
Wands
 C - a wand of random effects (13/48)
Scrolls
 b - 2 scrolls of recharging {unknown}
 e - a scroll of enchant weapon {unknown}
 f - a scroll of brand weapon {unknown}
 i - 2 scrolls of immolation {unknown}
 j - 2 scrolls of identify {unknown}
 l - 2 scrolls of fog {unknown}
 n - a scroll of remove curse {unknown}
 q - a scroll of magic mapping {unknown}
 x - a scroll of teleportation {unknown}
 y - 2 scrolls of enchant armour {unknown}
Potions
 o - 2 potions of lignification
Comestibles
 c - 2 bread rations
 k - a beef jerky
 w - a slice of pizza
 A - a fruit
 G - 7 chunks of flesh


   Skills:
 + Level 3.5 Fighting
 + Level 3.1 Axes
 * Level 3.2 Armour
 + Level 2.2 Dodging
 + Level 0.4 Stealth
 + Level 2.6 Shields
 + Level 2.7 Invocations


You had 5 spell levels left.
You didn't know any spells.

Dungeon Overview and Level Annotations

Branches:
Dungeon (4/15)
 Temple: D:4-7

Altars:
Qazlal
Trog
Xom
The Shining One


Innate Abilities, Weirdness & Mutations

((You are mostly covered in slimy green scales (AC +3).))
((You are partially covered in sharp spines.))
((Armour fits poorly on your strangely shaped body.))
You evolve.
((Your movements are less encumbered by armour (ER -4).))


Message History

Drink which item? (? for menu, Esc to quit)
It was a potion of agility.
You feel agile all of a sudden. You block the orc warrior's attack.
Drink which item? (? for menu, Esc to quit)
It was a potion of beneficial mutation.
You feel less encumbered by your armour.
You feel fantastic! You block the adder skeleton's attack.
The orc warrior hits you but does no damage.
The worm bites you.
* * * LOW HITPOINT WARNING * * *
You slash the worm!
The worm is severely wounded.
You hit the orc warrior but do no damage.
You slash the adder skeleton! You block the adder skeleton's attack.
The orc warrior hits you with a hand axe!
* * * LOW HITPOINT WARNING * * *
The adder skeleton bites you but does no damage.
The worm bites you!
You die...

. #.......PZ...
≈#####......P8.§§§.#....
≈...........##.§.§......
................§.......
..............#.........
.......#......#.........
.......#......#.........
.......#......#.o(......
.......#......'(♣Z.....#
...#...###....#.w....#.#
...#...# ###+##......#
+# #... .......#
....##### .....# .8.....
........


You could see an orc warrior, a worm and an adder skeleton.

Vanquished Creatures
  A centaur skeleton (D:3)
  A giant frog skeleton (D:4)
  An orc priest (D:4)
  Natasha (thrice) (D:2)
  A worker ant (D:3)
  A hound skeleton (D:4)
  2 hound zombies (D:4)
  A worker ant zombie (D:4)
  An adder (D:3)
  An ooze (D:2)
  An adder zombie (D:4)
  4 worms
  2 giant geckos
  9 orcs
  10 bats
  2 giant cockroaches (D:3)
  5 goblins
  3 hobgoblins
  A quokka (D:3)
  A giant gecko zombie (D:4)
  6 giant newts
  2 kobolds
  7 rats
66 creatures vanquished.

Notes
Turn   | Place    | Note
--------------------------------------------------------------
     0 | Abyss:1  | Gargoyl the Demonspawn Abyssal Knight began the quest for the Orb.
     0 | Abyss:1  | Reached XP level 1. HP: 18/18 MP: 2/2
    58 | Abyss:2  | Noticed a shadow
    70 | Abyss:3  | Noticed an ettin
    71 | Abyss:3  | Noticed a large abomination
    79 | Abyss:3  | Noticed a kobold demonologist
    79 | Abyss:3  | Noticed a big kobold
    80 | Abyss:3  | Noticed a quasit
    80 | D:1      | Escaped the Abyss
   323 | D:1      | Reached * piety under Lugonu
   324 | D:1      | Reached skill level 1 in Dodging
   324 | D:1      | Gained mutation: You are partially covered in sharp spines. [demonic ancestry]
   324 | D:1      | Reached XP level 2. HP: 19/24 MP: 4/4
   832 | D:2      | Noticed Natasha
   847 | D:2      | Killed Natasha
   847 | D:2      | Reached XP level 3. HP: 21/29 MP: 5/5
   879 | D:2      | Reached skill level 1 in Shields
   961 | D:2      | Found a glowing golden altar of the Shining One.
   978 | D:2      | Noticed Natasha
   987 | D:2      | Killed Natasha
   987 | D:2      | Gained mutation: You are partially covered in slimy green scales (AC +2). [demonic ancestry]
   987 | D:2      | Reached XP level 4. HP: 30/35 MP: 6/6
  1021 | D:2      | Noticed Natasha
  1036 | D:2      | Killed Natasha
  1144 | D:2      | Found a faded altar to an unknown god.
  1390 | D:3      | Found a bloodstained altar of Trog.
  1399 | D:3      | Reached ** piety under Lugonu
  1506 | D:3      | Found a shimmering altar of Xom.
  1629 | D:3      | Gained mutation: You are mostly covered in slimy green scales (AC +3). [demonic ancestry]
  1629 | D:3      | Reached XP level 5. HP: 36/41 MP: 7/7
  1920 | D:3      | Found a stormy altar of Qazlal.
  2057 | D:4      | Noticed an orc warrior
  2065 | D:4      | Reached XP level 6. HP: 19/47 MP: 8/8
  2080 | D:4      | Gained mutation: Your movements are slightly less encumbered by armour (ER -2). [potion of mutation]
  2080 | D:4      | Gained mutation: You evolve. [potion of mutation]
  2080 | D:4      | Gained mutation: Armour fits poorly on your strangely shaped body. [potion of mutation]
  2082 | D:4      | Reached *** piety under Lugonu
  2086 | D:4      | Gained mutation: Your movements are less encumbered by armour (ER -4). [potion of beneficial mutation]
  2087 | D:4      | HP: 2/70 [orc warrior/hand axe (8)]
  2087 | D:4      | Slain by a worm

Skill      XL: |  1  2  3  4  5 |
---------------+----------------+-----
Dodging        | 1 2 |  2.2
Armour         | 2 3 |  3.2
Axes           | 2 3 |  3.1
Shields        | 1 2 |  2.6
Fighting       | |  3.5
Stealth        | |  0.4
Invocations    | |  2.7

Action                   |  1- 3 |  4- 6 || total
-------------------------+-------+-------++-------
Melee: Hand axe          |    55 |    95 ||   150
Invok: Depart the Abyss  |     1 |       ||     1
  Use: Potion            |       |    11 ||    11
  Eat: Chunk             |       |     4 ||     4
Armor: Leather armour    |    20 |       ||    20
       Plate armour      |    14 |    72 ||    86
       Scale mail        |     2 |       ||     2
       Skin              |       |    28 ||    28
Dodge: Dodged            |    14 |     9 ||    23
Block: Large shield      |    56 |    98 ||   154
